 Dungeon Sprint DCSS version 0.23.2-30-g0e89c35649 (webtiles) character file.

Game seed: 6906600717362138899

197 HASTUR3 the Covert (level 5, -3/25 HPs)
             Began as a Spriggan Assassin on June 19, 2019.
             Was a Believer of Uskayaw.
             Slain by a troll (6 damage)
             ... in the Dungeon (Sprint IX: "|||||||||||||||||||||||||||||").
             The game lasted 00:02:26 (263 turns).

HASTUR3 the Covert (Spriggan Assassin)               Turns: 263, Time: 00:02:27

Health: -3/25      AC:  3    Str:  7    XL:     5   Next: 46%
Magic:  6/6        EV: 29    Int: 15    God:    Uskayaw [**....]
Gold:   0          SH:  0    Dex: 19    Spells: 4/4 levels left

rFire    . . .     SeeInvis +   q - +2 rapier (venom)
rCold    . . .     Gourm    .   (shield restricted)
rNeg     . . .     Faith    .   c - +0 robe
rPois    .         Spirit   .   (helmet restricted)
rElec    .         Reflect  .   d - +0 cloak
rCorr    .         Harm     .   (gloves unavailable)
MR       .....     NoTele   +   (boots unavailable)
Stlth    ++++++....             (no amulet)
HPRegen  0.08/turn              r - +2 ring of evasion
MPRegen  0.10/turn              s - +3 ring of intelligence

@: very slightly contaminated, very quick
A: very small, unfitting armour, see invisible, herbivore, speed 3, slow
metabolism 2
a: Stomp, Line Pass, Renounce Religion


You were in the Dungeon.
You worshipped Uskayaw.
Uskayaw was noncommittal.
You were not hungry.

You visited 1 branch

Inventory:

Hand Weapons
 a - a +2 dagger
 b - a +0 blowgun
 q - a +2 rapier of venom (weapon)
Missiles
 e - 8 poisoned needles
 f - 2 curare-tipped needles
Armour
 c - a +0 robe (worn)
 d - a +0 cloak (worn)
Jewellery
 r - a +2 ring of evasion (left hand)
 s - a +3 ring of intelligence (right hand)
Wands
 p - a wand of acid (10)
Scrolls
 m - 2 scrolls of blinking
 n - 3 scrolls of remove curse
 o - 2 scrolls of amnesia
Potions
 h - 5 potions of curing
 i - 3 potions of heal wounds
 j - a potion of haste
 k - 4 potions of magic
Comestibles
 g - a ration


   Skills:
 - Level 1.5 Fighting
 + Level 4.1 Short Blades
 - Level 2.0 Throwing
 + Level 10.4 Dodging
 * Level 13.2 Stealth


You had 4 spell levels left.
You didn't know any spells.
Your spell library was empty.

Dungeon Overview and Level Annotations

Branches:
Dungeon (1/1)

Altars:
Cheibriados
Dithmenos
Elyvilon
Fedhas
Gozag
Hepliaklqana
Kikubaaqudgha
Makhleb
Nemelex Xobeh
Okawaru
Qazlal
Ru
Sif Muna
Trog
Uskayaw
Vehumet
Wu Jian
Xom
Yredelemnul
Zin
The Shining One
Beogh
Jiyva
Lugonu


Innate Abilities, Weirdness & Mutations

You are very small and have problems with some larger weapons.
You are too small for most types of armour.
You have supernaturally acute eyesight. (SInv)
You are a herbivore.
You cover ground extremely quickly.
You need to consume almost no food.


Message History

You hit the howler monkey but do no damage.
The howler monkey looks as sick as possible!
The howler monkey is severely wounded.
You hit the howler monkey.
You kill the howler monkey!
Your Short Blades skill increases to level 4!
Your Stealth skill increases to level 13!
Okay, then.
You catch the helpless troll completely off-guard!
You impale the troll!!
The troll looks as sick as possible!
The troll is severely wounded.
You flicker back into view.
The troll bites you. The troll claws you!
* * * LOW HITPOINT WARNING * * *
The troll misses you.
You can now pass through a line of other dancers.
You hit the troll.
The troll looks as sick as possible!
The troll is almost dead.
The troll completely misses you. The troll claws you.
You die...

▓.▓
▓.▓
▓(▓
▓)▓
▓'▓
▓.▓
▓.▓
▓T▓
▓@▓
▓▓▓


You could see a troll.

Vanquished Creatures
  An ice beast (D)
  A scorpion (D)
  A howler monkey (D)
  A gnoll (D)
  An ooze (D)
  A leopard gecko (D)
  A jackal (D)
  A quokka (D)
  2 frilled lizards (D)
  A goblin (D)
  A kobold (D)
12 creatures vanquished.

Notes
Turn   | Place    | Note
-------+----------+-------------------------------------------
     0 | D        | HASTUR3 the Spriggan Assassin began the quest for the Orb.
     0 | D        | Reached XP level 1. HP: 10/10 MP: 2/2
     5 | D        | Reached skill level 6 in Stealth
    28 | D        | Noticed an ice beast
    34 | D        | Reached skill level 7 in Stealth
    34 | D        | Reached XP level 2. HP: 14/14 MP: 3/3
    42 | D        | Reached skill level 5 in Dodging
    42 | D        | Reached skill level 8 in Stealth
    50 | D        | Killed an ice beast
    50 | D        | Reached skill level 11 in Stealth
    50 | D        | Reached XP level 3. HP: 18/18 MP: 4/4
    50 | D        | Reached XP level 4. HP: 22/22 MP: 5/5
   112 | D        | Found a roughly hewn altar of Beogh.
   112 | D        | Found a snail-covered altar of Cheibriados.
   112 | D        | Found a shadowy altar of Dithmenos.
   112 | D        | Found a white marble altar of Elyvilon.
   112 | D        | Found a blossoming altar of Fedhas.
   112 | D        | Found an opulent altar of Gozag.
   113 | D        | Found a hazy altar of Hepliaklqana.
   114 | D        | Found a viscous altar of Jiyva.
   115 | D        | Found an ancient bone altar of Kikubaaqudgha.
   116 | D        | Found a corrupted altar of Lugonu.
   117 | D        | Found a burning altar of Makhleb.
   118 | D        | Found a sparkling altar of Nemelex Xobeh.
   119 | D        | Found an iron altar of Okawaru.
   120 | D        | Found a stormy altar of Qazlal.
   121 | D        | Found a sacrificial altar of Ru.
   122 | D        | Found a deep blue altar of Sif Muna.
   123 | D        | Found a bloodstained altar of Trog.
   124 | D        | Found a hide-covered altar of Uskayaw.
   125 | D        | Found a radiant altar of Vehumet.
   126 | D        | Found an ornate altar of the Wu Jian Council.
   127 | D        | Found a shimmering altar of Xom.
   128 | D        | Found a basalt altar of Yredelemnul.
   129 | D        | Found a glowing silver altar of Zin.
   130 | D        | Found a glowing golden altar of the Shining One.
   132 | D        | Became a worshipper of Uskayaw the Reveler
   160 | D        | Noticed an ogre
   160 | D        | Noticed a troll
   168 | D        | Reached skill level 10 in Dodging
   168 | D        | Reached skill level 12 in Stealth
   168 | D        | Reached XP level 5. HP: 15/25 MP: 6/6
   257 | D        | Reached * piety under Uskayaw
   261 | D        | Reached skill level 13 in Stealth
   262 | D        | Reached ** piety under Uskayaw
   263 | D        | Slain by a troll

Skill      XL: |  1  2  3  4  5 |
---------------+----------------+-----
Dodging        | 4 9 10 | 10.4
Stealth        | 7 11 12 13 | 13.2
Short Blades   | 3 4 |  4.1
Fighting       | |  1.5
Throwing       | |  2.0

Action                   |  1- 3 |  4- 6 || total
-------------------------+-------+-------++-------
Melee: Dagger            |    29 |       ||    29
       Rapier            |       |     9 ||     9
  Use: Potion            |     1 |     1 ||     2
 Stab: Sleeping          |     1 |       ||     1
       Invisible         |       |     1 ||     1
Armor: Robe              |     2 |       ||     2
Dodge: Dodged            |    18 |     5 ||    23
